 Dungeon Crawl Stone Soup version 0.23.2-40-g277498a001 (webtiles) character file.

Game seed: 17865945686475183495

3696 MalarOregon the Covert (level 10, -5/115 HPs)
             Began as a Merfolk Assassin on Aug 14, 2019.
             Was an Initiate of Gozag.
             Slain by a wight
             ... wielding a cursed +5 short sword
              (6 damage)
             ... on level 8 of the Dungeon.
             The game lasted 00:18:06 (9572 turns).

MalarOregon the Covert (Merfolk Assassin)           Turns: 9572, Time: 00:18:06

Health: -5/115     AC:  5    Str: 18    XL:     10   Next: 13%
Magic:  10/10      EV: 20    Int: 14    God:    Gozag
Gold:   411        SH:  0    Dex: 16    Spells: 6/9 levels left

rFire    . . .     SeeInvis .   i - +0 great sword
rCold    . . .     Gourm    .   (shield currently unavailable)
rNeg     . . .     Faith    .   c - +0 robe
rPois    .         Spirit   .   A - +1 helmet
rElec    .         Reflect  .   d - +0 cloak
rCorr    .         Harm     .   (no gloves)
MR       .....                  (no boots)
Stlth    ..........             (no amulet)
HPRegen  0.29/turn              s - +3 ring of evasion
MPRegen  0.12/turn              K - +2 ring of strength

@: berserking, drained, very quick
A: change form in water, swift swim, stealthy swim
a: Potion Petition, Call Merchant, Bribe Branch, Renounce Religion


You were on level 8 of the Dungeon.
You worshipped Gozag.
Gozag was aware of your devotion.
You were very hungry.

You visited 2 branches of the dungeon, and saw 9 of its levels.

You collected 531 gold pieces.
You paid 120 gold pieces to Gozag.

Inventory:

Hand Weapons
 a - a +2 dagger
 b - a +0 short sword of venom
   (You took it off a kobold on level 1 of the Dungeon)
 i - a +0 great sword (weapon)
   (You found it on level 3 of the Dungeon)
 j - a +0 scimitar
   (You took it off a wight on level 8 of the Dungeon)
 p - a +1 blowgun
 y - a +0 dagger of draining
   (You found it on level 2 of the Dungeon)
 I - a +4 dagger
   (You took it off Ijyb on level 5 of the Dungeon)
 Q - a +1 dagger of speed
   (You took it off an orc wizard on level 7 of the Dungeon)
Missiles
 f - 2 curare-tipped needles {!f}
 g - 46 poisoned needles
Armour
 c - a +0 robe (worn)
 d - a +0 cloak (worn)
 A - a +1 helmet (worn)
   (You found it on level 3 of the Dungeon)
Jewellery
 s - a +3 ring of evasion (left hand)
   (You found it on level 2 of the Dungeon)
 K - a +2 ring of strength (right hand)
   (You found it on level 6 of the Dungeon)
Wands
 t - a wand of flame (17)
   (You found it on level 3 of the Dungeon)
Scrolls
 l - 2 scrolls of immolation {!r}
 r - 2 scrolls of remove curse {@r2}
 u - a scroll of fog
 v - 2 scrolls of teleportation {@r4}
 w - 3 scrolls of noise {!r}
 z - a scroll of enchant armour
 J - 2 scrolls of fear
Potions
 h - 2 potions of brilliance
 m - 6 potions of haste {@q3}
 B - a potion of flight
 F - a potion of lignification {!q}
 H - a potion of might
 L - a potion of mutation {!q}
 M - 2 potions of magic
 N - a potion of curing {@q1}
 O - a potion of invisibility
Comestibles
 e - 9 rations {!d}


   Skills:
 + Level 6.7(5.9) Fighting
 + Level 7.4(7.2) Short Blades
 + Level 3.8(5.0) Long Blades
 + Level 6.1(5.3) Throwing
 + Level 7.6(6.8) Dodging
 + Level 8.3(7.5) Stealth
 - Level 3.0(2.3) Hexes
 + Level 1.8(1.1) Translocations


You had 6 spell levels left.
You knew the following spells:

 Your Spells              Type           Power        Failure   Level  Hunger
a - Confusing Touch       Hex            #.....       11%         1    ##.....
b - Blink                 Tloc           N/A          28%         2    ###....

Your spell library contained the following spells:

 Spells                   Type           Power        Failure   Level  Hunger
 Apportation              Tloc           #.....       19%         1    ##.....
 Animate Skeleton         Necr           N/A          28%         1    ##.....
 Summon Small Mammal      Summ           #...         28%         1    ##.....
 Shroud of Golubria       Chrm/Tloc      #.........   34%         2    ###....
 Gell's Gravitas          Tloc           #.........   50%         3    ####...
 Lesser Beckoning         Tloc           #.........   50%         3    ####...
 Teleport Other           Tloc           #.......     50%         3    ####...
 Regeneration             Chrm/Necr      #.........   65%         3    ####...
 Passage of Golubria      Tloc           N/A          88%         4    #####..
 Lightning Bolt           Conj/Air       #.........   100%        5    ######.
 Death Channel            Necr           #.........   100%        6    #######
 Freezing Cloud           Conj/Ice/Air   #.........   100%        6    #######


Dungeon Overview and Level Annotations

Branches:
Dungeon (8/15)             Temple (1/1) D:7
   Lair: D:8-11

Altars:
Ashenzari
Cheibriados
Dithmenos
Elyvilon
Fedhas
Gozag
Hepliaklqana
Kikubaaqudgha
Makhleb
Nemelex Xobeh
Okawaru
Qazlal
Ru
Sif Muna
Trog
Uskayaw
Vehumet
Wu Jian
Xom
Yredelemnul
Zin
The Shining One

Annotations:
D:3 2 transporters, havocjr3's ghost, amateur GnAM
D:5 1 runed translucent door, exclusion: 2 steam dragons, jaiteiro's ghost, novice MiFi


Message History

a +0 scimitar; a +0 plate armour An iguana comes into view.
The iguana moves out of view.
The iguana is too close now for your liking.
You see here 3 gold pieces.
An iguana is nearby!
The iguana hisses angrily.
You slash the iguana! The iguana completely misses you.
You riposte.
You hit the iguana. The iguana bites you.
You hit the iguana.
You kill the iguana!
No target in view!
No target in view!
The wight is too close now for your liking.
You see here 5 gold pieces.
A wight is nearby!
A wight is nearby!
The killer bee zombie becomes distracted by the nearby gold, dreaming of imaginary riches.
The wight barely misses you.
You slash the wight!
The wight hits you with a cursed +5 short sword!
You closely miss the wight.
The killer bee zombie is no longer distracted by gold.
The killer bee zombie hits you.
The wight hits you with a cursed +5 short sword!
* * * LOW HITPOINT WARNING * * *
The killer bee zombie misses you.
You hit the wight. The killer bee zombie hits you.
* * * LOW HITPOINT WARNING * * *
The wight barely misses you.
You riposte.
You barely miss the wight. The killer bee zombie misses you.
The wight hits you with a cursed +5 short sword!
* * * LOW HITPOINT WARNING * * *
You feel drained.
* * * LOW HITPOINT WARNING * * *
The killer bee zombie closely misses you.
You riposte.
You slash the killer bee zombie! The killer bee zombie hits you.
* * * LOW HITPOINT WARNING * * *
The killer bee zombie hits you.
* * * LOW HITPOINT WARNING * * *
A red film seems to cover your vision as you go berserk!
You feel yourself moving faster!
You feel mighty! The killer bee zombie hits you.
* * * LOW HITPOINT WARNING * * *
The wight hits you with a cursed +5 short sword!
* * * LOW HITPOINT WARNING * * *
You feel drained.
You die...
Your body crumbles into a pile of gold.

$,*,,,,,...................$..#.#
,,*,,,,,............$.........#,*
,,*,,,,,.........[...........<#,*
,,*,,,,,................z.....#,*
*,*,,,,,......................#,*
*,*,,,,,......................#,*
*,*,,,,,.......................,*
*,*,,,,,.......Zz...............,
*+*,,,,,........@..............##
,,,,,,,,.......................##
,,,,,,,,.........................
,,,,,,,,.....$...................
,,,,,,,,........$...............,
,,,,,,,,......................#**
,,,,,,,,...............)......#
,,,*****#######........#.#.#..#
,,,* #........#.).#,,*


You could see a wight and a killer bee zombie.

Vanquished Creatures
  Prince Ribbit (D:7)
  2 hippogriffs
  Sigmund (D:4)
  Edmund (D:4)
  A water moccasin (D:6)
  3 orc warriors
  A sky beast (D:5)
  An ice beast (D:7)
  2 ogres
  2 centaurs
  3 bullfrogs
  3 scorpions
  3 wights (D:8)
  A bullfrog zombie (D:6)
  2 crimson imps (D:6)
  A bullfrog skeleton (D:5)
  3 hounds
  2 jellies (D:6)
  4 orc priests
  2 centaur skeletons
  Ijyb (D:5)
  11 orc wizards
  Jessica (D:2)
  5 iguanas
  4 worker ants
  A worker ant zombie (D:6)
  9 adders
  A shadow imp (D:6)
  2 oozes (D:3)
  An adder skeleton (D:6)
  3 worms
  4 leopard geckos
  16 orcs
  2 ball pythons
  6 bats
  11 giant cockroaches
  7 goblins
  7 hobgoblins
  8 jackals
  8 kobolds
  3 quokkas
  7 frilled lizards
  A giant cockroach zombie (D:5)
  2 leopard gecko skeletons
  A quokka zombie (D:7)
  9 rats
170 creatures vanquished.

Notes
Turn   | Place    | Note
-------+----------+-------------------------------------------
     0 | D:1      | MalarOregon the Merfolk Assassin began the quest for the
                  | Orb.
     0 | D:1      | Reached XP level 1. HP: 16/16 MP: 1/1
   242 | D:1      | Reached XP level 2. HP: 23/23 MP: 2/2
   654 | D:2      | Reached XP level 3. HP: 18/28 MP: 3/3
  1221 | D:2      | Reached XP level 4. HP: 25/34 MP: 4/4
  1310 | D:2      | Reached skill level 5 in Stealth
  1317 | D:2      | Found a basalt altar of Yredelemnul.
  1566 | D:2      | Noticed Jessica
  1579 | D:2      | Killed Jessica
  1579 | D:2      | Reached XP level 5. HP: 25/41 MP: 5/5
  2540 | D:3      | Reached XP level 6. HP: 46/47 MP: 6/6
  2608 | D:3      | Found a transporter.
  2620 | D:3      | Found a transporter.
  2620 | D:3      | Noticed havocjr3's ghost (amateur GnAM)
  2805 | D:4      | Noticed Sigmund
  2817 | D:4      | Noticed an orc warrior
  3488 | D:3      | Killed an orc warrior
  3488 | D:3      | Reached XP level 7. HP: 41/54 MP: 7/7
  3644 | D:3      | Reached skill level 6 in Stealth
  3721 | D:4      | Noticed Edmund
  3752 | D:4      | Killed Edmund
  3752 | D:4      | Reached skill level 5 in Short Blades
  4099 | D:4      | Reached skill level 5 in Dodging
  4105 | D:4      | Reached XP level 8. HP: 38/61 MP: 8/8
  4993 | D:4      | Killed Sigmund
  4993 | D:4      | Reached skill level 5 in Fighting
  5128 | D:5      | Entered Level 5 of the Dungeon
  5223 | D:5      | Noticed Ijyb
  5228 | D:5      | Killed Ijyb
  5398 | D:5      | Reached skill level 7 in Stealth
  5410 | D:5      | Learned a level 1 spell: Confusing Touch
  5671 | D:5      | Found a runed translucent door.
  5680 | D:5      | Noticed jaiteiro's ghost (novice MiFi)
  6104 | D:6      | Reached skill level 1 in Long Blades
  6134 | D:5      | Reached skill level 5 in Throwing
  6134 | D:5      | Reached skill level 1 in Hexes
  6199 | D:6      | Reached XP level 9. HP: 40/69 MP: 9/9
  6909 | D:6      | Learned a level 2 spell: Blink
  7355 | D:7      | Noticed Prince Ribbit
  7375 | D:7      | Killed Prince Ribbit
  7615 | D:7      | Reached skill level 1 in Translocations
  7671 | D:7      | Found a staircase to the Ecumenical Temple.
  7701 | Temple   | Entered the Ecumenical Temple
  7713 | Temple   | Became a worshipper of Gozag Ym Sagoz the Greedy
  8436 | D:7      | Reached skill level 8 in Stealth
  8949 | D:7      | Identified the Guide on Lethal Attacks
  9169 | D:8      | Reached XP level 10. HP: 44/77 MP: 10/10
  9572 | D:8      | HP: 1/115 [wight/cursed +5 short sword (12)]
  9572 | D:8      | Slain by a wight

Skill      XL: |  1  2  3  4  5  6  7  8  9 |
---------------+----------------------------+-----
Dodging        | 2 3 4 5 6 7 |  7.6
Short Blades   | 3 4 5 6 7 |  7.4
Stealth        | 5 6 7 8 |  8.3
Fighting       | 3 4 5 6 |  6.7
Throwing       | 3 4 5 6 |  6.1
Long Blades    | 1 3 |  3.8
Hexes          | 1 3 |  3.0
Translocations | 1 |  1.8

Action                   |  1- 3 |  4- 6 |  7- 9 | 10-12 || total
-------------------------+-------+-------+-------+-------++-------
Melee: Dagger            |    37 |    88 |    44 |       ||   169
       Short sword       |    42 |    69 |   166 |     5 ||   282
       Great sword       |       |       |   127 |    33 ||   160
 Fire: Blowgun           |       |    17 |    24 |       ||    41
  Use: Scroll            |       |       |    11 |    14 ||    25
       Potion            |       |       |       |     1 ||     1
 Stab: Sleeping          |     8 |     8 |    12 |       ||    28
  Eat: Chunk             |     1 |     7 |    11 |       ||    19
       Ration            |       |       |     2 |       ||     2
Armor: Robe              |    22 |    20 |    53 |     1 ||    96
Dodge: Dodged            |    63 |   188 |   316 |    41 ||   608
       Rpst.: Great sword |       |       |    60 |    11 ||    71
